 Dungeon Crawl Stone Soup version 0.16.2-2-g470672f (webtiles) character file.

9886 monobi the Fighter (level 11, -10/100 HPs)
             Began as a Minotaur Fighter on Sept 2, 2015.
             Was an Elder of Nemelex Xobeh.
             Mangled by a griffon (11 damage)
             ... on level 3 of the Lair of Beasts.
             The game lasted 01:10:13 (11469 turns).

monobi the Fighter (Minotaur Fighter)              Turns: 11469, Time: 01:10:13

Health: -10/100    AC: 11    Str: 25    XL:     11   Next: 28%
Magic:  4/4        EV:  9    Int:  5    God:    Nemelex Xobeh [****..]
Gold:   161        SH: 13    Dex: 19    Spells: 0 memorised, 10 levels left

rFire  . . .     SeeInvis .     (no weapon)
rCold  + . .     Clarity  .     P - +3 ring mail of the Desert {-Cast rC+ Dex+5}
rNeg   . . .     SustAb   .     c - +0 shield
rPois  .         Gourm    .     (helmet restricted)
rElec  .         Spirit   .     (no cloak)
rCorr  .         Warding  .     b - +0 pair of gloves
rMut   .         Stasis   .     (no boots)
MR     .....     NoCast   +     f - amulet of rage
Stlth  +.........               S - +3 ring of slaying
                                Y - +5 ring of strength

@: not resistant to hostile enchantments, very unstealthy
A: retaliatory headbutt, horns 2
a: Triple Draw, Deal Four, Renounce Religion, Evoke Berserk Rage


You were on level 3 of the Lair of Beasts.
You worshipped Nemelex Xobeh.
Nemelex Xobeh was greatly pleased with you.
You were hungry.

You visited 2 branches of the dungeon, and saw 11 of its levels.
You also visited: Labyrinth.

You collected 431 gold pieces.
You spent 270 gold pieces at shops.

Inventory:

Hand weapons
 a - a cursed -2 dagger
 g - a +2 scimitar of freezing
 w - a +2 flail of protection
 z - a +0 mace of holy wrath
 U - the +3 arbalest of Gianle Khif {freeze, rN++ Str-3}
   (You found it on level 8 of the Dungeon)

   It causes projectiles fired from it to freeze those they strike, causing
   extra injury to most foes and up to half again as much damage against
   particularly susceptible opponents.
   They can also slow down cold-blooded creatures.
   It affects your strength (-3).
   It greatly protects you from negative energy.
Armour
 b - a +0 pair of gloves (worn)
 c - a +0 shield (worn)
 y - a +3 ring mail of positive energy
 P - the +3 ring mail of the Desert (worn) {-Cast rC+ Dex+5}
   (You bought it in a shop on level 7 of the Dungeon)

   It affects your dexterity (+5).
   It protects you from cold.
   It prevents spellcasting.
Jewellery
 f - an amulet of rage (around neck)
 k - an uncursed amulet of guardian spirit
 m - an uncursed ring of protection from fire
 o - an uncursed amulet of resist mutation
 t - an uncursed ring of teleport control
 I - an uncursed amulet of the gourmand
 J - an uncursed ring of fire
 M - an uncursed ring of ice
 S - a +3 ring of slaying (right hand)
 X - an uncursed ring of magical power {unknown}
 Y - a +5 ring of strength (left hand)
Magical devices
 A - a wand of polymorph (16)
 K - a wand of paralysis (3)
 R - a wand of confusion (19)
 Z - a wand of disintegration (13)
Scrolls
 h - 6 scrolls of remove curse
 n - a scroll of immolation
 s - 5 scrolls of teleportation
 x - a scroll of enchant armour
Potions
 e - 3 potions of might
 i - 3 potions of agility
 u - 2 potions of restore abilities
Books
 B - a book of Hinderance

   Spells                             Type                      Level
   a - Confusing Touch                Hexes                        2
   b - Confuse                        Hexes                        3
   c - Petrify                        Transmutation/Earth          4
   d - Metabolic Englaciation         Hexes/Ice                    5
   e - Gell's Gravitas                Hexes/Translocation          5
   f - Summon Mana Viper              Hexes/Summoning              5
Miscellaneous
 l - a plain deck of war
 F - a plain deck of war
 L - a plain deck of destruction {drawn: 1}
 N - a plain deck of destruction
 T - an ornate deck of war {drawn: 6}
Comestibles
 d - 3 bread rations
 p - 3 fruits
 q - 2 slices of pizza


   Skills:
 + Level 10.3 Fighting
 * Level 10.2 Long Blades
 - Level 6.7 Maces & Flails
   Level 5.6 Polearms
 + Level 10.3 Armour
 + Level 10.1 Shields


You had 10 spell levels left.
You didn't know any spells.

Dungeon Overview and Level Annotations

Branches:
Dungeon (8/15)             Temple (0/1) D:7            Lair (3/8) D:8
  Swamp: Lair:3-6    Shoals: Lair:3-6     Snake: Lair:3-6    Spider: Lair:3-6

Altars:
Ashenzari
Cheibriados
Dithmenos
Elyvilon
Gozag
Nemelex Xobeh
Qazlal
Sif Muna
Vehumet
Yredelemnul

Shops:
D:7 [


Innate Abilities, Weirdness & Mutations

You reflexively headbutt those who attack you in melee.
You have a pair of horns on your head.


Message History

Your hell hound disappears in a puff of smoke!
The griffon bites you!
* * * LOW HITPOINT WARNING * * *
The griffon pecks you.
* * * LOW HITPOINT WARNING * * *
The griffon claws you but does no damage.
Evoke which item? (* to show all) (? for menu, Esc to quit)
You draw a card...
It is Pain.
You have drawn Pain.
Press: ? - help, Shift-Dir - straight line, f/p - griffon
Aim: a griffon (lightly wounded)
The griffon convulses in agony!
The griffon bites you!
* * * LOW HITPOINT WARNING * * *
The griffon closely misses you.
The griffon claws you but does no damage.
You hit the griffon. You headbutt the griffon.
The griffon is heavily wounded.
The griffon bites you!
You die...
Your body glows slightly and disappears.

........###...##........
...÷.....#P...P##(.....r.
.........#...###..........
........###....##..>.......
..........)...###..†.......
.........#....##.†.........
<..............†.†..........
...............†H†%)†[......
..†......|....%.@...........
P......####...#####).......
##.....# #..## #.......#
#.......##....# .#..#...#
........##...PP# . .###..
..............PP . .# .
................ .. .#
....... .... # .


You could see a griffon.

Vanquished Creatures
  A minotaur (Lab)
  The ghost of Charly the Basher, an experienced OgSk of Makhleb (D:8)
  3 spiny frogs
  The ghost of monobi the Ruffian, an average MiMo (D:4)
  2 komodo dragons (Lair:2)
  Grinder (D:5)
  5 blink frogs (Lair:1)
  5 yaks (Lair:2)
  3 hippogriffs
  A hungry ghost (Lab)
  A naga (Lair:3)
  Edmund (D:4)
  4 water moccasins
  2 porcupines
  An ogre (D:5)
  A centaur (D:7)
  An ice beast (D:6)
  A phantom (D:5)
  3 crocodiles
  8 giant frogs
  A wyvern zombie (D:6)
  An earth elemental (Lab)
  2 scorpions
  3 wights (D:6)
  A goliath beetle (D:6)
  13 hounds
  A crimson imp (D:6)
  2 jellies
  6 iguanas
  2 orc priests
  A giant frog skeleton (D:7)
  5 worker ants
  5 orc wizards
  3 sheep (Lair:3)
  A hound skeleton (D:5)
  8 adders
  A shadow imp (D:5)
  40 river rats
  A worm (D:5)
  2 giant mites
  An adder zombie (D:5)
  6 giant geckos
  14 orcs
  2 ball pythons
  16 bats
  2 bat zombies
  3 giant cockroaches
  12 hobgoblins
  6 jackals (D:2)
  2 quokkas
  A giant gecko skeleton (D:6)
  4 giant newts
  9 goblins
  17 kobolds
  A quokka skeleton (D:5)
  12 rats
  A bush (Lair:2)
  A plant (D:8)
255 creatures vanquished.

Vanquished Creatures (collateral kills)
  An orb spider (Lair:3)
  A two-headed ogre (Lair:3)
  A raven (Lair:3)
  A raiju (Lair:3)
  A golden eye (Lair:3)
  A spider (Lair:3)
  A naga (Lair:3)
  A warg (Lair:3)
  A deep dwarf (Lair:3)
  A hell hound (Lair:3)
  A centaur (Lair:3)
  A scorpion (Lair:3)
  2 hell rats (Lair:3)
  A worker ant (Lair:3)
  2 river rats (Lair:3)
  An ufetubus (Lair:3)
  A quokka (Lair:3)
19 creatures vanquished.

Vanquished Creatures (others)
  A blue devil (Lair:3)
  A basilisk (Lair:3)
  An ice beast (Lair:3)
  A centaur (Lair:3)
  A fungus (Lair:3)
  2 plants (D:8)
7 creatures vanquished.

Grand Total: 281 creatures vanquished

Notes
Turn   | Place    | Note
--------------------------------------------------------------
     0 | D:1      | monobi, the Minotaur Fighter, began the quest for the Orb.
     0 | D:1      | Reached XP level 1. HP: 19/19 MP: 1/1
   132 | D:1      | Reached XP level 2. HP: 14/27 MP: 1/1
   423 | D:1      | Reached skill level 4 in Shields
  1291 | D:2      | Reached XP level 3. HP: 31/33 MP: 2/2
  2065 | D:3      | Reached XP level 4. HP: 41/41 MP: 2/2
  2602 | D:4      | Reached XP level 5. HP: 35/47 MP: 2/2
  2642 | D:4      | Reached skill level 5 in Fighting
  2820 | D:4      | Reached skill level 5 in Polearms
  2820 | D:4      | Reached skill level 5 in Shields
  2820 | D:4      | Reached XP level 6. HP: 40/56 MP: 3/3
  2935 | D:4      | Noticed Edmund
  2960 | D:4      | Killed Edmund
  3164 | D:4      | Reached skill level 5 in Armour
  3173 | D:4      | Found a deep blue altar of Sif Muna.
  3174 | D:4      | Reached skill level 1 in Maces & Flails
  3370 | D:4      | Noticed monobi's ghost (average MiMo)
  3378 | D:4      | Reached XP level 7. HP: 57/61 MP: 3/3
  3388 | D:4      | Killed monobi's ghost
  3723 | D:4      | Found a sparkling altar of Nemelex Xobeh.
  3724 | D:4      | Found an opulent altar of Gozag.
  3730 | D:4      | Became a worshipper of Nemelex Xobeh the Trickster
  3835 | D:4      | Received a gift from Nemelex Xobeh
  3969 | D:5      | Entered Level 5 of the Dungeon
  4024 | D:5      | Noticed Grinder
  4025 | D:5      | Paralysed by Grinder for 2 turns
  4035 | D:5      | Killed Grinder
  4035 | D:5      | Reached skill level 6 in Fighting
  4117 | D:5      | Reached XP level 8. HP: 67/70 MP: 3/3
  4366 | D:5      | Found a white marble altar of Elyvilon.
  4375 | D:5      | Reached skill level 5 in Maces & Flails
  4470 | D:5      | Found a shattered altar of Ashenzari.
  4484 | D:5      | Received a gift from Nemelex Xobeh
  4837 | D:6      | Reached skill level 7 in Armour
  5133 | D:6      | Reached skill level 1 in Long Blades
  5135 | D:6      | Reached XP level 9. HP: 60/79 MP: 4/4
  5272 | D:6      | Found a stormy altar of Qazlal.
  5493 | D:6      | Received a gift from Nemelex Xobeh
  5893 | D:7      | Found a radiant altar of Vehumet.
  6119 | D:7      | Received a gift from Nemelex Xobeh
  6181 | D:7      | Found a snail-covered altar of Cheibriados.
  6192 | D:7      | Found a basalt altar of Yredelemnul.
  6228 | D:7      | Found a staircase to the Ecumenical Temple.
  6286 | D:7      | Found Madasis' Antique Armour Shop.
  6286 | D:7      | Acquired Nemelex Xobeh's first power
  6296 | D:7      | Bought an encrusted ring mail for 270 gold pieces
  6306 | D:7      | Identified the +3 ring mail of the Desert {-Cast rC+ Dex+5} (You bought it in a shop on level 7 of the Dungeon)
  6411 | D:7      | Received a gift from Nemelex Xobeh
  6940 | D:8      | Found a shadowy altar of Dithmenos.
  6944 | D:8      | Got an encrusted arbalest
  6945 | D:8      | Identified the +3 arbalest of Gianle Khif {freeze, rN++ Str-3} (You found it on level 8 of the Dungeon)
  6982 | D:8      | Found a staircase to the Lair.
  6982 | D:8      | Noticed Charly's ghost (experienced OgSk)
  6996 | D:8      | Killed Charly's ghost
  7015 | Lair:1   | Entered Level 1 of the Lair of Beasts
  7026 | Lair:1   | Reached skill level 8 in Shields
  7211 | Lair:1   | Reached skill level 5 in Long Blades
  7547 | Lair:1   | Reached XP level 10. HP: 36/90 MP: 4/4
  8148 | Lair:1   | Reached skill level 9 in Armour
  8326 | Lair:2   | Acquired Nemelex Xobeh's second power
  8424 | Lair:2   | Received a gift from Nemelex Xobeh
  8592 | Lair:2   | Found a labyrinth entrance.
  8615 | Lab      | Entered a labyrinth
  8768 | Lab      | Noticed a minotaur
  8778 | Lab      | Killed a minotaur
  9102 | Lair:2   | Reached XP level 11. HP: 45/99 MP: 4/4
  9105 | Lair:2   | Reached skill level 10 in Armour
  9982 | Lair:2   | HP: 1/99 [komodo dragon (10)]
 10535 | Lair:2   | Received a gift from Nemelex Xobeh
 10741 | Lair:3   | Reached skill level 10 in Fighting
 11348 | Lair:3   | Reached skill level 10 in Shields
 11375 | Lair:3   | Reached skill level 10 in Long Blades
 11379 | Lair:3   | HP: 3/100 [hell hound/blast of flame (5)]
 11468 | Lair:3   | HP: 1/100 [griffon (9)]
 11469 | Lair:3   | Mangled by a griffon

Action                   |  1- 3 |  4- 6 |  7- 9 | 10-12 || total
-------------------------+-------+-------+-------+-------++-------
Melee: Trident           |   115 |    89 |       |       ||   204
       Flail             |       |    20 |   161 |       ||   181
       Scimitar          |       |       |   153 |   171 ||   324
       Unarmed           |       |       |       |    97 ||    97
 Abil: Evoke Berserk Rag |       |       |     1 |     1 ||     2
Evoke: Deck              |       |       |       |    15 ||    15
       Wand              |       |       |       |     2 ||     2
  Use: Scroll            |     1 |     3 |     4 |    13 ||    21
       Potion            |       |       |     5 |    12 ||    17
  Eat: Bread ration      |     1 |       |     2 |     1 ||     4
       Chunk             |       |     2 |     1 |     3 ||     6
       Fruit             |       |     1 |     1 |       ||     2
       Meat ration       |       |       |     1 |     1 ||     2
       Royal jelly       |       |       |       |     1 ||     1
